 Dungeon Crawl Stone Soup version 0.23-a0-516-g0f8c245 (webtiles) character file.

25 theanonym the Vexing (level 2, 0/22 HPs)
             Began as a Mummy Enchanter on Dec 5, 2018.
             Slain by a kobold
             ... wielding a +0 whip
              (3 damage)
             ... on level 2 of the Dungeon.
             The game lasted 00:00:52 (1370 turns).

theanonym the Vexing (Mummy Enchanter)              Turns: 1370, Time: 00:00:53

Health: 0/22       AC:  2    Str: 11    XL:     2   Next: 82%
Magic:  5/5        EV: 12    Int: 14    God:
Gold:   56         SH:  0    Dex: 12    Spells: 5/6 levels left

rFire    x . .     SeeInvis .   c - +0 short sword (freeze)
rCold    + . .     Gourm    .   (no shield)
rNeg     + + +     Faith    .   b - +0 robe
rPois    ∞         Spirit   .   (no helmet)
rElec    .         Reflect  .   (no cloak)
rCorr    .         Harm     .   (no gloves)
MR       .....                  (no boots)
Stlth    ++........             (no amulet)
HPRegen  0.07/turn              (no ring)
MPRegen  0.09/turn              (no ring)

@: no status effects
A: no food or potions, fire vulnerability, cold resistance 1, negative energy
resistance 3, torment resistance, unbreathing
a: no special abilities


Innate Abilities, Weirdness & Mutations

You do not eat or drink.
Your flesh is vulnerable to fire.
You are immune to poison.
Your flesh is cold resistant. (rC+)
You are immune to negative energy. (rN+++)
You are immune to unholy pain and torment.
You can survive without breathing.


   Skills:
 + Level 1.7 Fighting
 - Level 0.7 Short Blades
 + Level 1.3 Armour
 - Level 1.5 Dodging
 - Level 2.4 Stealth
 - Level 2.6 Spellcasting
 - Level 2.6 Hexes


You had 5 spell levels left.
You knew the following spells:

 Your Spells              Type           Power        Failure   Level  Hunger
a - Corona                Hex            #......      8%          1    N/A

Your spell library contained the following spells:

 Spells                   Type           Power        Failure   Level  Hunger
 Ensorcelled Hibernation  Hex/Ice        #.....       19%         2    N/A
 Confuse                  Hex            #.......     22%         3    N/A
 Tukima's Dance           Hex            #.......     22%         3    N/A
 Dazzling Spray           Conj/Hex       #.....       36%         3    N/A

Skill      XL: |  1  2 |
---------------+-------+-----
Fighting       | 1 |  1.7
Armour         | 1 |  1.3
Short Blades   | |  0.7
Dodging        | |  1.5
Stealth        | |  2.4
Spellcasting   | |  2.6
Hexes          | |  2.6

Action                   || total
-------------------------++-------
Melee: Dagger            ||    23
       Short sword       ||    53
 Stab: Sleeping          ||     2
Armor: Robe              ||    24
Dodge: Dodged            ||    65

Inventory:

Hand Weapons
 a - a +1 dagger
 c - a +0 short sword of freezing (weapon)
   (You took it off a kobold on level 1 of the Dungeon)
Armour
 b - a +0 robe (worn)
Scrolls
 d - a scroll of teleportation {unknown}


You were on level 2 of the Dungeon.
You were not hungry.

You visited 1 branch of the dungeon, and saw 2 of its levels.

You collected 56 gold pieces.

Dungeon Overview and Level Annotations

Branches:
Dungeon (2/15)

Altars:
Qazlal

..# #.# #.# #.# #.#
#.# #.# #(#
#######@# ......K†#
#######.########.##
#............
#.##.########
...##.# ######.#
#.# #.#


You could see a kobold.

Notes
Turn   | Place    | Note
-------+----------+-------------------------------------------
     0 | D:1      | theanonym the Mummy Enchanter began the quest for the Orb.
     0 | D:1      | Reached XP level 1. HP: 13/13 MP: 4/4
     7 | D:1      | Noticed a polar bear
     7 | D:1      | Noticed a wyvern
     7 | D:1      | Noticed a salamander
     7 | D:1      | Noticed a killer bee
    33 | D:1      | HP: 5/13 [hobgoblin/+0 club (7)]
   189 | D:1      | HP: 7/14 [frilled lizard (1)]
   194 | D:1      | HP: 3/14 [frilled lizard (1)]
   492 | D:1      | Reached skill level 1 in Fighting
   502 | D:1      | Reached XP level 2. HP: 13/21 MP: 5/5
   517 | D:1      | HP: 10/21 [rat (2)]
   779 | D:1      | Reached skill level 1 in Armour
  1316 | D:2      | Found a stormy altar of Qazlal.
  1316 | D:2      | Noticed a water elemental
  1317 | D:2      | Noticed an earth elemental
  1317 | D:2      | Noticed a fire elemental
  1317 | D:2      | Noticed an air elemental
  1360 | D:2      | HP: 11/22 [kobold/+0 whip (6)]
  1365 | D:2      | HP: 6/22 [kobold/+0 whip (4)]
  1370 | D:2      | Slain by a kobold

Vanquished Creatures
  An adder (D:2)
  2 giant cockroaches (D:1)
  2 goblins
  A hobgoblin (D:1)
  2 bats (D:1)
  3 frilled lizards (D:1)
  3 kobolds (D:1)
  4 rats (D:1)
18 creatures vanquished.

Table legend:
 A = Turns spent in this place as a percentage of turns spent in the entire game.
 B = Non-inter-level travel turns spent in this place as a percentage of non-inter-level travel turns spent in the entire game.
 C = Inter-level travel turns spent in this place as a percentage of turns spent in this place.
 D = Turns resting spent in this place as a percentage of non-inter-level travel turns spent in this place.
 E = Turns spent auto-exploring this place as a percentage of non-inter-level travel turns spent in this place.
 F = Non-inter-level travel turns spent in this place divided by the number of levels of this place that you've seen.
                   A       B       C       D       E      F
               +-------+-------+-------+-------+-------+----------------------
         Total | 100.0 | 100.0 |   0.7 |  38.7 |  50.2 | 680.5
       Dungeon | 100.0 | 100.0 |   0.7 |  38.7 |  50.2 | 680.5
               +-------+-------+-------+-------+-------+----------------------
